 Dungeon Crawl Stone Soup version 0.19.4 (webtiles) character file.

49 vatarom the Insei (level 3, -1/23 HPs)
             Began as an Octopode Transmuter on Feb 3, 2017.
             Slain by Natasha (3 damage)
             ... on level 2 of the Dungeon.
             The game lasted 00:02:52 (1185 turns).

vatarom the Insei (Octopode Transmuter)             Turns: 1185, Time: 00:02:53

Health: -1/23      AC:  1    Str:  9    XL:     3   Next: 77%
Magic:  1/6        EV: 13    Int: 15    God:
Gold:   136        SH:  0    Dex: 13    Spells: 3 memorised, 0 levels left

rFire  . . .     SeeInvis .       - Unarmed
rCold  . . .     Gourm    .     (no shield)
rNeg   . . .     Faith    .     (helmet restricted)
rPois  .         Spirit   .     (no amulet)
rElec  .         Reflect  .     (no ring)
rCorr  .         Harm     .     (no ring)
MR     .....                    (no ring)
Stlth  ++........               (no ring)
                                (no ring)
                                (no ring)
                                (no ring)
                                (no ring)

@: very slightly contaminated
A: almost no armour, stealthy swim, amphibious, 8 rings, constrict 8, camouflage
1, gelatinous body 1
a: no special abilities


You were on level 2 of the Dungeon.
You were not hungry.

You visited 1 branch of the dungeon, and saw 2 of its levels.

You collected 136 gold pieces.

Inventory:

Missiles
 a - 10 arrows
Scrolls
 f - a scroll of remove curse
 g - a scroll of identify
 i - a scroll of blinking
Potions
 e - a potion of curing
Books
 b - a book of Changes

   Spells                             Type                      Level
   a - Beastly Appendage              Transmutation                1
   b - Sticks to Snakes               Transmutation                2
   c - Spider Form                    Transmutation/Poison         3
   d - Ice Form                       Ice/Transmutation            4
   e - Blade Hands                    Transmutation                5
Comestibles
 c - 3 bread rations
 d - 5 chunks of flesh
 h - a meat ration
 j - a slice of pizza
 k - a beef jerky


   Skills:
 - Level 1.0 Fighting
 - Level 2.0 Dodging
 * Level 3.8 Unarmed Combat
 + Level 2.4 Spellcasting
 + Level 2.6 Transmutations


You couldn't memorise any spells.
You knew the following spells:

 Your Spells              Type           Power        Failure   Level  Hunger
a - Beastly Appendage     Tmut           #.....       10%         1    #......
b - Sticks to Snakes      Tmut           #.......     12%         2    ###....
c - Spider Form           Tmut/Pois      #.........   43%         3    ###....


Dungeon Overview and Level Annotations

Branches:
Dungeon (2/15)

Altars:
Okawaru

Annotations:
D:2 Natasha


Innate Abilities, Weirdness & Mutations

You cannot wear most types of armour.
You are very stealthy in the water. (Stealth+)
You are amphibious.
You can wear up to eight rings at the same time.
You can use your tentacles to constrict eight enemies at once.
Your skin changes colour to match your surroundings (Stealth+).
Your rubbery body absorbs attacks. (AC +1, EV +1)


Message History

You tentacle-slap Natasha. You grab Natasha.
Natasha is moderately wounded.
You constrict Natasha, but do no damage.
Natasha barely misses you.
You tentacle-slap Natasha but do no damage.
Natasha is moderately wounded.
You constrict Natasha.
You tentacle-slap Natasha but do no damage.
Natasha is heavily wounded.
You constrict Natasha, but do no damage.
Natasha stares at you and mumbles some strange words.
The magic dart hits you!
You tentacle-slap Natasha.
Natasha is severely wounded.
You constrict Natasha. Natasha claws you!
* * * LOW HITPOINT WARNING * * *
You barely miss Natasha.
Natasha is severely wounded.
You constrict Natasha. Natasha claws you.
You die...

##### ######## ######
#####...#####..@h?.# #.....#
#>..'................... ......#
#.###...#####.....[##### #......
#.....### #........#####......
##.###.# #.....#......##.##..
....##.# #....###.....##.##..
#......# #............##..#..
#..###########..#.).).#...###.#..
...............##.._..##.........


You could see Natasha.

Vanquished Creatures
  An adder (D:2)
  A worm (D:2)
  2 dart slugs
  2 leopard geckos
  3 giant cockroaches
  5 goblins
  5 hobgoblins
  3 kobolds
  A quokka (D:2)
  A ball python (D:2)
  3 bats
  3 frilled lizards
  A rat (D:1)
31 creatures vanquished.

Notes
Turn   | Place    | Note
-------+----------+-------------------------------------------
     0 | D:1      | vatarom the Octopode Transmuter began the quest for the Orb.
     0 | D:1      | Reached XP level 1. HP: 13/13 MP: 3/3
   183 | D:1      | Reached XP level 2. HP: 12/18 MP: 5/5
   663 | D:1      | Learned a level 2 spell: Sticks to Snakes
   910 | D:2      | Reached XP level 3. HP: 23/23 MP: 6/6
  1020 | D:2      | Learned a level 3 spell: Spider Form
  1078 | D:2      | Found an iron altar of Okawaru.
  1172 | D:2      | Noticed Natasha
  1185 | D:2      | Slain by Natasha

Action                   || total
-------------------------++-------
Melee: Unarmed           ||    66
       Tentacles         ||    15
       Constrict         ||    20
       Kick              ||     5
       Punch             ||     1
 Cast: Sticks to Snakes  ||     2
       Beastly Appendage ||     2
  Use: Scroll            ||     5
       Potion            ||     2
 Stab: Sleeping          ||     8
  Eat: Chunk             ||     1
Armor: Skin              ||     2
Dodge: Dodged            ||    47
